 Dungeon Crawl Stone Soup version 0.20.1-1-g8b1a95d (webtiles) character file.

91 CaptainMV the Stinger (level 4, -10/33 HPs)
             Began as a Draconian Venom Mage on Nov 11, 2017.
             Was an Initiate of Vehumet.
             Splashed by an oklob plant's acid (15 damage)
             ... created by the enmity of Fedhas Madash
             ... on level 2 of the Dungeon.
             The game lasted 00:51:08 (2457 turns).

CaptainMV the Stinger (Draconian Venom Mage)        Turns: 2457, Time: 00:51:08

Health: -10/33     AC:  1    Str: 10    XL:     4   Next: 34%
Magic:  2/8        EV: 12    Int: 16    God:    Vehumet [......]
Gold:   68         SH:  0    Dex: 12    Spells: 2/8 levels left

rFire    . . .     SeeInvis .   p - +3 dagger
rCold    . . .     Gourm    .   (no shield)
rNeg     . . .     Faith    .   (armour unavailable)
rPois    .         Spirit   .   (helmet restricted)
rElec    .         Reflect  .   (no cloak)
rCorr    .         Harm     .   (no gloves)
MR       .....                  (no boots)
Stlth    ++........             (no amulet)
Regen    0.2/turn               (no ring)
MPRegen  0.2/turn               (no ring)

@: corroded, very slightly contaminated
A: unfitting armour, cold-blooded, AC +5
a: Renounce Religion


You were on level 2 of the Dungeon.
You worshipped Vehumet.
Vehumet was noncommittal.
You were not hungry.

You visited 1 branch of the dungeon, and saw 2 of its levels.

You collected 68 gold pieces.

Inventory:

Hand Weapons
 c - a +0 short sword
 o - a +0 dagger
 p - a +3 dagger (weapon)
Missiles
 d - 13 poisoned needles
 k - 30 bolts
Scrolls
 j - a scroll of amnesia
Potions
 b - a potion of might {unknown}
 e - a potion of resistance {unknown}
 f - a potion of magic {unknown}
 g - a potion of degeneration {unknown}
 h - a potion of heal wounds
 i - a potion of ambrosia {unknown}
 m - a potion of curing {unknown}
Books
 a - a Young Poisoner's Handbook

   Spells                             Type                      Level
   a - Sting                          Conjuration/Poison           1
   b - Poisonous Vapours              Poison/Air                   2
   c - Mephitic Cloud                 Conjuration/Poison/Air       3
   d - Olgreb's Toxic Radiance        Poison                       4
   e - Venom Bolt                     Conjuration/Poison           5
Comestibles
 l - 2 royal jellies
 q - 2 fruits
 r - 2 meat rations


   Skills:
 + Level 0.2 Fighting
 + Level 1.4 Short Blades
 + Level 2.0 Dodging
 + Level 2.0 Stealth
 + Level 2.7 Spellcasting
 + Level 1.4 Conjurations
 + Level 0.8 Air Magic
 + Level 3.7 Poison Magic


You had 2 spell levels left.
You knew the following spells:

 Your Spells              Type           Power        Failure   Level  Hunger
a - Sting                 Conj/Pois      ##..         7%          1    #......
b - Poisonous Vapours     Pois/Air       #.....       12%         2    ##.....
c - Mephitic Cloud        Conj/Pois/Air  #.......     26%         3    ###....


Dungeon Overview and Level Annotations

Branches:
Dungeon (2/15)

Altars:
Fedhas
Okawaru
Uskayaw
Vehumet

Annotations:
D:2 [!], exclusion: 3 oklob plants


Innate Abilities, Weirdness & Mutations

Your plain brown scales are hard. (AC +5)
You cannot fit into any form of body armour.
You are cold-blooded and may be slowed by cold attacks.


Message History

Aim: an oklob plant (durably summoned)
The ball explodes into a vile cloud!
The stinking cloud engulfs the oklob plant.
The oklob plant appears unharmed.
The stinking cloud engulfs the wandering mushroom.
The wandering mushroom appears unharmed.
The stinking cloud engulfs the oklob plant.
The oklob plant appears unharmed.
You hear an angry hiss.
The oklob plant spits acid at you. The splash of acid hits you!
You are splashed with acid!
The acid burns!
You feel much better. The oklob plant spits acid at you.
The splash of acid hits you!
You are splashed with acid!
The acid burns!
* * * LOW HITPOINT WARNING * * *
The oklob plant spits acid at you. The splash of acid hits you!
* * * LOW HITPOINT WARNING * * *
The acid corrodes you!
You are splashed with acid!
The acid burns!
You die...

#.# #...........#.## ## #.#
#.#.#########.## #.###.#.#
#..##### #.......# ##'......
#####.### ##..)###.# #.######
##....# #.#
#...f..###.....###'#
..###########...#.##......###_'
!.........§§P.@Pf..').....###'#
....###...fP§.............# #.#
S #.####..#...#.......###.# #.#
##.###.###.#....(.... #.#
#...#...#..##...##### #.#
#....._....###'## #.#
#...#...#..# #.# #.#
#..###.###.# #.# ####
#.###...#...#..# #.#


You could see 3 oklob plants and 3 wandering mushrooms.

Vanquished Creatures
  Terence (D:2)
  A gnoll (D:2)
  An adder (D:2)
  An ooze (D:1)
  2 dart slugs
  2 leopard geckos
  4 bats
  2 giant cockroaches (D:2)
  4 goblins
  3 hobgoblins
  8 kobolds
  A ball python (D:1)
  3 frilled lizards (D:1)
  4 rats (D:1)
37 creatures vanquished.

Vanquished Creatures (others)
  A toadstool (D:2)
1 creature vanquished.

Grand Total: 38 creatures vanquished

Notes
Turn   | Place    | Note
-------+----------+-------------------------------------------
     0 | D:1      | CaptainMV the Draconian Venom Mage began the quest for the Orb.
     0 | D:1      | Reached XP level 1. HP: 14/14 MP: 3/3
    95 | D:1      | Reached XP level 2. HP: 8/20 MP: 5/5
   317 | D:1      | Learned a level 2 spell: Poisonous Vapours
   927 | D:1      | Reached skill level 1 in Short Blades
  1191 | D:1      | Reached XP level 3. HP: 26/26 MP: 6/6
  1269 | D:1      | You fall through a shaft!
  1521 | D:2      | Found a hide-covered altar of Uskayaw.
  1588 | D:2      | Learned a level 3 spell: Mephitic Cloud
  1680 | D:2      | Noticed Terence
  1710 | D:2      | Killed Terence
  1990 | D:2      | Reached XP level 4. HP: 16/33 MP: 2/8
  2007 | D:2      | Found a faded altar of an unknown god.
  2010 | D:2      | Became a worshipper of Fedhas Madash
  2010 | D:2      | Reached * piety under Fedhas
  2306 | D:2      | Found an iron altar of Okawaru.
  2341 | D:2      | Found a radiant altar of Vehumet.
  2347 | D:2      | Fell from the grace of Fedhas
  2347 | D:2      | Became a worshipper of Vehumet
  2453 | D:2      | Noticed an oklob plant
  2453 | D:2      | Noticed an oklob plant
  2453 | D:2      | Noticed an oklob plant
  2453 | D:2      | Noticed a wandering mushroom
  2453 | D:2      | Noticed a wandering mushroom
  2453 | D:2      | Noticed a wandering mushroom
  2457 | D:2      | Splashed by an oklob plant's acid

Skill      XL: |  1  2  3 |
---------------+----------+-----
Stealth        | 2 |  2.0
Short Blades   | 1 |  1.4
Dodging        | 2 |  2.0
Fighting       | |  0.2
Spellcasting   | |  2.7
Conjurations   | |  1.4
Air Magic      | |  0.8
Poison Magic   | |  3.7

Action                   |  1- 3 |  4- 6 || total
-------------------------+-------+-------++-------
Melee: Short sword       |    57 |       ||    57
       Tailslap          |     7 |       ||     7
       Unarmed           |     3 |       ||     3
       Dagger            |    19 |     5 ||    24
 Cast: Sting             |    18 |     6 ||    24
       Poisonous Vapours |    10 |       ||    10
       Mephitic Cloud    |     1 |     1 ||     2
Invok: Fungal Bloom      |       |     1 ||     1
  Use: Scroll            |     4 |       ||     4
       Potion            |       |     1 ||     1
  Eat: Bread ration      |     1 |     1 ||     2
Armor: Skin              |    35 |     2 ||    37
Dodge: Dodged            |    82 |     2 ||    84
